 Dungeon Crawl Stone Soup version 0.28.0-53-g5a82cb258f (webtiles) character file.

Game seed: 6349343123795821070

334 issech the Chopper (level 6, 0/56 HPs)
             Began as a Minotaur Monk on June 25, 2022.
             Slain by a gnoll
             ... wielding a +0 club
              (5 damage)
             ... on level 4 of the Dungeon.
             The game lasted 00:06:47 (3398 turns).

issech the Chopper (Minotaur Monk)                  Turns: 3398, Time: 00:06:48

Health: 0/56       AC:  6    Str: 15    XL:     6   Next: 27%
Magic:  5/5        EV: 12    Int:  7    God:
Gold:   191        SH:  0    Dex: 15    Spells: 5/5 levels left

rFire   . . .      SeeInvis .   t - +3 quarterstaff (chaos)
rCold   . . .      Faith    .   (shield currently unavailable)
rNeg    . . .      Spirit   .   h - +0 ring mail
rPois   .          Reflect  .   (helmet restricted)
rElec   .          Harm     .   s - +0 cloak
rCorr   .          Rampage  .   (no gloves)
Will    .....                   (no boots)
Stlth   +.........              (no amulet)
HPRegen 0.18/turn               (no ring)
MPRegen 0.09/turn               (no ring)

@: no status effects
A: horns 2, retaliatory headbutt
a: no special abilities


You were on level 4 of the Dungeon.
You visited 1 branch of the dungeon, and saw 4 of its levels.

You collected 191 gold pieces.

Inventory:

Hand Weapons
 a - a +0 hand axe
 i - a +2 vampiric dagger
 l - a +1 dagger of venom
 n - a +0 hunting sling
 t - a +3 quarterstaff of chaos (weapon)
Missiles
 e - 48 arrows
 g - 60 stones (quivered)
 m - 33 sling bullets
Armour
 b - a +0 robe
 h - a +0 ring mail (worn)
 s - a +0 cloak (worn)
Scrolls
 f - a scroll of immolation {unknown}
 j - a scroll of brand weapon {unknown}
 k - a scroll of fog {unknown}
 o - a scroll of torment {unknown}
 p - a scroll of noise {unknown}
 q - a scroll of vulnerability {unknown}
Potions
 c - 2 potions of curing {unknown}
 d - a potion of haste {unknown}
 r - a potion of might {unknown}


   Skills:
 + Level 5.0 Fighting
 + Level 2.0 Short Blades
 + Level 5.0 Axes
 + Level 1.4 Slings
 + Level 2.4 Armour
 + Level 4.6 Dodging
 + Level 2.2 Stealth


You had 5 spell levels left.
You didn't know any spells.
Your spell library was empty.

Dungeon Overview and Level Annotations

Branches:
Dungeon (4/15)
 Temple: D:4-7

Altars:

Shops:
D:1 !


Innate Abilities, Weirdness & Mutations

You have a pair of horns on your head.
You reflexively headbutt those who attack you in melee.


Message History

A quokka comes into view.
The gnoll hits you with a +1 whip of venom.
You are poisoned.
The gnoll barely misses you. The gnoll hits you with a +0 halberd!
You hit the gnoll.
The gnoll is severely wounded.
You feel very sick. The gnoll hits you but does no damage.
The gnoll hits you with a +0 halberd!
You thump the gnoll!
You kill the gnoll!
You feel sick.
The quokka twitches its whiskers.
The gnoll hits you but does no damage. x2
You are more poisoned.
An adder skeleton comes into view.
The gnoll misses you.
Your Fighting skill increases to level 5!
You hit the gnoll. You freeze the gnoll. You headbutt the gnoll.
The gnoll is almost dead.
You feel very sick. The quokka closely misses you.
The gnoll hits you with a +0 club. The gnoll closely misses you.
The gnoll hits you from afar with a +0 spear!
* * * LOW HITPOINT WARNING * * *
The quokka bites you but does no damage.
You feel sick.
You see here a throwing net.
You feel sick.
You feel sick.
You feel sick. The gnoll hits you but does no damage.
You feel sick.
You feel sick.
You feel sick.
Found a metallic inky potion.
You feel sick.
You are no longer poisoned.
Found a ring mail.
You hit the gnoll.
The gnoll is lightly wounded.
The gnoll hits you with a +0 club.
You die...

..........##.##.##
.#.####g### .# #.
#g# # ###.####.#
.......r####.#
##.!.......[.#
#.#.##.####.# #
#.r.........
#@g..####.##
#.#### #.# ###


You could see a gnoll and a quokka.

Vanquished Creatures
  Sigmund (D:2)
  A hound (D:3)
  Jessica (D:2)
  Crazy Yiuf (D:3)
  A gnoll (D:4)
  3 adders (D:2)
  3 dart slugs
  2 worms
  3 endoplasms (D:1)
  A giant cockroach (D:1)
  2 hobgoblins (D:1)
  3 jackals (D:3)
  6 kobolds
  A ball python (D:2)
  8 bats
  10 frilled lizards
  5 goblins
  9 rats
61 creatures vanquished.

Vanquished Creatures (others)
  A fungus (D:3)
  A plant (D:2)
2 creatures vanquished.

Grand Total: 63 creatures vanquished

Notes
Turn   | Place    | Note
-------+----------+-------------------------------------------
     0 | D:1      | issech the Minotaur Monk began the quest for the Orb.
     0 | D:1      | Reached XP level 1. HP: 19/19 MP: 0/0
   196 | D:1      | Reached XP level 2. HP: 17/27 MP: 1/1
   516 | D:1      | Found Qenor's Distillery.
  1226 | D:2      | Reached XP level 3. HP: 27/33 MP: 2/2
  1361 | D:2      | Noticed Jessica
  1369 | D:2      | Killed Jessica
  1370 | D:2      | Reached XP level 4. HP: 31/40 MP: 3/3
  1661 | D:2      | Found a faded altar of an unknown god.
  1747 | D:2      | Noticed Sigmund
  1773 | D:2      | Killed Sigmund
  1774 | D:2      | Reached skill level 1 in Short Blades
  1774 | D:2      | Reached XP level 5. HP: 12/47 MP: 4/4
  2278 | D:2      | Reached skill level 5 in Axes
  2565 | D:3      | Reached XP level 6. HP: 48/55 MP: 5/5
  2993 | D:3      | Found a runed translucent door.
  2994 | D:3      | Noticed Crazy Yiuf
  3245 | D:3      | Killed Crazy Yiuf
  3246 | D:3      | Reached skill level 1 in Slings
  3382 | D:4      | Reached skill level 5 in Fighting
  3398 | D:4      | Slain by a gnoll

Illustrated notes

Levels and vault maps discovered:
D:1:      co_arrival_square_in_a_square_in_a_square, layout_basic, serial_shops,
          shop, minmay_domino_2
D:2:      layout_basic, shapermc_ecumenical_altar_hornbeckon, st_stairs_7,
          uniq_jessica, uniq_sigmund
D:3:      layout_loops_cross, uniq_crazy_yiuf_cottage
D:4:      lemuel_castle_with_subvaults [lemuel_castle_interior_carwin_1],
          layout_basic, pdpol_temple_overflow_zin_treasury_gozag_greed,
          mainiacjoe_overflow_paths, kennysheep_mini, serial_glass,
          glass_columns_a, glass_columns_a, uniq_edmund

Skill      XL: |  1  2  3  4  5  6 |
---------------+-------------------+-----
Fighting       | 4 5 |  5.0
Axes           | 4 5 |  5.0
Dodging        | 4 |  4.6
Short Blades   | 1 2 |  2.0
Armour         | 2 |  2.4
Stealth        | 2 |  2.2
Slings         | 1 |  1.4

Action                   |  1- 3 |  4- 6 || total
-------------------------+-------+-------++-------
Melee: Hand axe          |    12 |       ||    12
       Headbutt          |     7 |     8 ||    15
       Dagger            |    44 |    34 ||    78
       Quarterstaff      |       |     9 ||     9
 Fire: Hunting sling     |       |    72 ||    72
Armor: Robe              |     5 |       ||     5
       Ring mail         |    19 |    25 ||    44
Dodge: Dodged            |    50 |    59 ||   109
